 Dungeon Crawl Stone Soup version 0.26.1-2-gb8aa6d0cf2 (webtiles) character file.

Game seed: 10060624853472984093

64 Gadfly the Skirmisher (level 3, 0/29 HPs)
             Began as a Demonspawn Monk on Feb 10, 2021.
             Slain by a gnoll
             ... wielding a +0 flail
              (7 damage)
             ... on level 2 of the Dungeon.
             The game lasted 00:03:06 (1407 turns).

Gadfly the Skirmisher (Demonspawn Monk)             Turns: 1407, Time: 00:03:07

Health: 0/29       AC: 10    Str: 12    XL:     3   Next: 91%
Magic:  4/4        EV:  6    Int: 11    God:
Gold:   63         SH:  0    Dex: 15    Spells: 2/2 levels left

rFire    . . .     SeeInvis .   a - +0 hand axe
rCold    . . .     Faith    .   (no shield)
rNeg     . . .     Spirit   .   j - +0 chain mail
rPois    .         Reflect  .   (no helmet)
rElec    .         Harm     .   (no cloak)
rCorr    .         Rampage  .   (no gloves)
Will     .....                  (no boots)
Stlth    ..........             (no amulet)
HPRegen  0.09/turn              (no ring)
MPRegen  0.09/turn              (no ring)

@: no status effects
A: claws 1, molten scales 1
a: no special abilities


You were on level 2 of the Dungeon.
You visited 1 branch of the dungeon, and saw 2 of its levels.

You collected 63 gold pieces.

Inventory:

Hand Weapons
 a - a +0 hand axe (weapon)
Armour
 j - a +0 chain mail (worn)
Scrolls
 c - a scroll of remove curse {unknown}
 d - a scroll of enchant weapon {unknown}
 e - a scroll of blinking {unknown}
Potions
 b - 2 potions of heal wounds
 i - a potion of haste {unknown}
 k - a potion of attraction


   Skills:
 - Level 3.0 Fighting
 + Level 3.0 Axes
 * Level 1.5 Armour
 - Level 2.6 Dodging
 - Level 1.7 Stealth
 * Level 2.3 Invocations
 * Level 1.7 Evocations


You had 2 spell levels left.
You didn't know any spells.
Your spell library was empty.

Dungeon Overview and Level Annotations

Branches:
Dungeon (2/15)

Altars:
Xom


Innate Abilities, Weirdness & Mutations

You have sharp fingernails.
You are partially covered in molten scales. (AC +2)


Message History

You are too injured to fight recklessly!
You are too injured to fight recklessly!
You are too injured to fight recklessly!
You are too injured to fight recklessly!
You are too injured to fight recklessly!
You are too injured to fight recklessly!
You are too injured to fight recklessly!
A gnoll is nearby!
Unknown command.
You closely miss the gnoll.
The gnoll is moderately wounded.
The gnoll barely misses you.
You completely miss the gnoll.
The gnoll is moderately wounded.
The gnoll hits you with a +0 flail.
* * * LOW HITPOINT WARNING * * *
You hit the gnoll.
The gnoll is moderately wounded.
The gnoll hits you with a +0 flail!
You die...

.# .# #.# .# #.# .#
#.# .# #.# .# #.#
.###### #.#
.##...#####.##########
###....†...>.$..@g...#
#...#####[########.#
##...## #.#
##.....####.#
.........(...
##...).####..
..........<..#
####.#####.#.. #.#


You could see a gnoll.

Vanquished Creatures
  2 gnolls (D:2)
  A worm (D:2)
  3 dart slugs
  2 giant cockroaches (D:1)
  3 goblins (D:1)
  4 hobgoblins
  2 jackals (D:1)
  A quokka (D:2)
  9 bats
  3 frilled lizards
  4 kobolds
  4 rats (D:1)
38 creatures vanquished.

Notes
Turn   | Place    | Note
-------+----------+-------------------------------------------
     0 | D:1      | Gadfly the Demonspawn Monk began the quest for the Orb.
     0 | D:1      | Reached XP level 1. HP: 18/18 MP: 1/1
   177 | D:1      | Reached skill level 1 in Invocations
   277 | D:1      | Gained mutation: You have sharp fingernails. [demonic
                  | ancestry]
   277 | D:1      | Reached XP level 2. HP: 24/24 MP: 2/2
   481 | D:1      | Reached skill level 1 in Evocations
   660 | D:1      | Reached skill level 1 in Armour
  1063 | D:1      | Gained mutation: You are partially covered in molten
                  | scales. (AC +2) [demonic ancestry]
  1063 | D:1      | Reached XP level 3. HP: 29/29 MP: 4/4
  1190 | D:2      | Found a shimmering altar of Xom.
  1407 | D:2      | Slain by a gnoll

Illustrated notes

Levels and vault maps discovered:
D:1:      dpeg_arrival_round_c, layout_rooms, minmay_crystal_water,
          kennysheep_crisscross
D:2:      layout_loops_ring, xom_teletrap_fun, marbit_many_paths

Skill      XL: |  1  2  3 |
---------------+----------+-----
Invocations    | 1 2 |  2.3
Evocations     | 1 |  1.7
Armour         | 1 |  1.5
Axes           | 3 |  3.0
Fighting       | |  3.0
Dodging        | |  2.6
Stealth        | |  1.7

Action                   || total
-------------------------++-------
Melee: Hand axe          ||   170
  Use: Scroll            ||     5
       Potion            ||     2
Armor: Robe              ||    11
       Chain mail        ||   120
Dodge: Dodged            ||    82
